 Dungeon Crawl Stone Soup version 0.16.1-16-gc44b35d (webtiles) character file.

214 ventricule the Slasher (level 6, -3/47 HPs)
             Began as a Formicid Chaos Knight on Apr 17, 2015.
             Slain by a steam dragon (shapeshifter) (6 damage)
             ... on level 2 of the Dungeon.
             The game lasted 00:03:33 (1576 turns).

ventricule the Slasher (Formicid Chaos Knight)      Turns: 1576, Time: 00:03:37

Health: -3/47      AC:  7    Str: 17    XL:     6   Next: 15%
Magic:  8/8        EV: 11    Int: 11    God:    Xom [...*..]
Gold:   151        SH:  0    Dex: 12    Spells: 0 memorised, 5 levels left

rFire  . . .     SeeInvis +     a - +0 falchion (chaos)
rCold  . . .     Clarity  .     b - +2 leather armour
rNeg   . . .     SustAb   .     (no shield)
rPois  .         Gourm    .     (helmet unavailable)
rElec  .         Spirit   .     n - +1 cloak
rCorr  .         Warding  .     (no gloves)
rMut   .         Stasis   +     (no boots)
MR     .....                    (no amulet)
Stlth  +.........               (no ring)
                                (no ring)

@: not resistant to hostile enchantments, very unstealthy
A: permanent stasis, dig shafts and tunnels, four strong arms, antennae 3
a: Dig, Shaft Self, Renounce Religion


You were on level 2 of the Dungeon.
You worshipped Xom.
You were a favourite toy of Xom.
You were not hungry.

You visited 1 branch of the dungeon, and saw 2 of its levels.

You collected 151 gold pieces.


Innate Abilities, Weirdness & Mutations

You are under a permanent stasis effect.
You can dig through walls and to a lower floor.
Your four strong arms can wield two-handed weapons with a shield.
You have a pair of large antennae on your head (SInv).


   Skills:
 - Level 3.2 Fighting
 + Level 6.4 Long Blades
 - Level 2.1 Armour
 - Level 0.8 Dodging


You had 5 spell levels left.
You didn't know any spells.

Inventory:

Hand weapons
 a - a +0 falchion of chaos (weapon)
Missiles
 l - 6 javelins (quivered)
Armour
 b - a +2 leather armour (worn)
 n - a +1 cloak (worn)
Jewellery
 q - a ring of ice
Scrolls
 f - a scroll of amnesia
 j - a scroll of random uselessness
Potions
 d - 3 potions of heal wounds {@q2}
 i - a potion of restore abilities {unknown}
 m - a potion of poison {unknown}
 o - a potion of curing {@q1}
 p - 2 potions of flight
Comestibles
 c - a bread ration
 g - a meat ration

Dungeon Overview and Level Annotations

Branches:
Dungeon (2/15)

Altars:
Gozag

..###############.####
### ######### #.## ..#
#.......# #..## #.#
#.......# ##.#.##
#.###.......# #{###.#
............# ##.#.##
..##........# #hh##
.)..........# ##g##
..#.........## #aS#
.<#..##......# #D##
..#..##.#######.l.#
.....##[#### #.#.#
#.#.##>....# #. .#
....#...##.# #. .#
#......(##.# #. .#
#####.....## .. ..
####### .# #?


You could see a steam dragon shaped shifter, an adder, 2 jackals, a goblin and a
giant newt.


Message History

* * * LOW HITPOINT WARNING * * *
You miss the killer bee.
The killer bee is heavily wounded.
The killer bee changes into a steam dragon!
You completely miss the steam dragon.
You feel sick. The steam dragon barely misses you.
The steam dragon claws you but does no damage.
You hit the steam dragon.
The steam dragon is lightly wounded.
The steam dragon breathes steam at you. The ball of steam hits you!
* * * LOW HITPOINT WARNING * * *
Drink which item? (? for menu, Esc to quit)
You feel better.
You are engulfed in a cloud of scalding steam.
The steam dragon barely misses you. The steam dragon closely misses you.
Use which ability? (? or * to list) Are you sure you want to shaft yourself?
You feel quite a bit more hungry. "Let's see if it's strong enough to survive yet."
You are now a favourite toy of Xom.
The steam dragon barely misses you.
The steam dragon claws you but does no damage.
You sense a monster nearby. x84
The jackal barks!
The adder bites you but does no damage. The steam dragon bites you.
* * * LOW HITPOINT WARNING * * *
The steam dragon claws you.
You die...
Xom cackles wildly!

Action                   |  1- 3 |  4- 6 || total
-------------------------+-------+-------++-------
Melee: Falchion          |    61 |    91 ||   152
 Abil: Shaft Self        |       |     1 ||     1
  Use: Scroll            |       |     7 ||     7
       Potion            |       |     1 ||     1
 Stab: Paralysed         |     2 |       ||     2
       Confused          |     1 |       ||     1
  Eat: Fruit             |     1 |       ||     1
       Beef jerky        |     1 |       ||     1

Vault maps used:
D:1:      tarquinn_simple_flora_water_a
D:2:      nicolae_tso_swordbearing_angel, grunt_ministairs_1, st_stairs_9,
          min_item_tele_traps, nicolae_gozag_cash_rules_everything_around_me,
          uniq_jessica, uniq_crazy_yiuf_cottage

Notes
Turn   | Place    | Note
--------------------------------------------------------------
     0 | D:1      | ventricule, the Formicid Chaos Knight, began the quest for the Orb.
     0 | D:1      | Reached XP level 1. HP: 18/18 MP: 1/1
   220 | D:1      | XOM: noise
   258 | D:1      | Reached XP level 2. HP: 21/24 MP: 3/3
   326 | D:1      | XOM: harmless Conj miscast
   673 | D:2      | XOM: noise
   676 | D:2      | Noticed a warg
   676 | D:2      | a worm changed into a warg
   676 | D:2      | XOM: confuse monster(s)
   678 | D:2      | XOM: confuse monster(s)
   683 | D:2      | Reached skill level 4 in Long Blades
   683 | D:2      | Reached XP level 3. HP: 22/29 MP: 4/4
   687 | D:2      | Killed a warg
   687 | D:2      | Reached skill level 5 in Long Blades
   687 | D:2      | Reached XP level 4. HP: 27/35 MP: 5/5
   687 | D:2      | Reached XP level 5. HP: 31/41 MP: 7/7
   725 | D:2      | Noticed Crazy Yiuf
   771 | D:2      | Killed Crazy Yiuf
   771 | D:2      | Reached skill level 6 in Long Blades
  1104 | D:2      | Found an opulent altar of Gozag.
  1362 | D:2      | Reached XP level 6. HP: 43/47 MP: 8/8
  1393 | D:2      | XOM: harmless Chrm miscast
  1420 | D:2      | XOM: chaos upgrade
  1564 | D:2      | XOM: polymorph adder -> killer bee
  1565 | D:2      | XOM: noise
  1571 | D:2      | Noticed a steam dragon
  1571 | D:2      | a killer bee changed into a steam dragon
  1573 | D:2      | HP: 1/47 [steam dragon (shapeshifter)/ball of steam (16)]
  1575 | D:2      | XOM: summons 4 hostile shadow creatures
  1576 | D:2      | Slain by a steam dragon (shapeshifter)

Vanquished Creatures
  A warg (D:2)
  Crazy Yiuf (D:2)
  3 adders (D:2)
  A giant gecko (D:2)
  11 bats
  7 hobgoblins
  2 kobolds (D:1)
  A quokka (D:2)
  4 giant cockroaches (D:2)
  A giant newt (D:2)
  A goblin (D:1)
  3 rats
36 creatures vanquished.

Vanquished Creatures (collateral kills)
  An adder (D:2)
1 creature vanquished.

Grand Total: 37 creatures vanquished
